 Dungeon Crawl Stone Soup version 0.24-a0-580-g6a6c3f8 (webtiles) character file.

Game seed: 17907557821154794499

34296 pichaelthompson the Thaumaturge (level 13, 0/101 HPs)
             Began as a Gnoll Skald on Aug 21, 2019.
             Was a Priest of Ashenzari.
             Slain by an ettin
             ... wielding a cursed +0 dire flail
              (23 damage)
             ... on level 2 of the Orcish Mines.
             The game lasted 01:13:50 (18897 turns).

pichaelthompson the Thaumaturge (Gnoll Skald)      Turns: 18897, Time: 01:13:51

Health: 0/101      AC: 25    Str: 14    XL:     13   Next: 76%
Magic:  21/26      EV: 16    Int: 18    God:    Ashenzari [***...]
Gold:   1581       SH:  7    Dex: 20    Spells: 17/31 levels left

rFire    + . .     SeeInvis +   r - +5 spear (curse)
rCold    . . .     Gourm    .   F - +0 buckler (curse)
rNeg     . . .     Faith    .   h - +2 chain mail {rF+}
rPois    .         Spirit   .   T - +2 helmet {Int+3} (curse)
rElec    .         Reflect  .   y - +2 cloak
rCorr    .         Harm     .   P - +2 pair of gloves
MR       .....                  (no boots)
Stlth    +.........             u - amulet of regeneration (curse)
HPRegen  1.66/turn              o - +4 ring of evasion (curse)
MPRegen  0.20/turn              B - +2 ring of protection

@: regenerating, hasted, studying Translocations, very quick
A: distributed training, fangs 1, strong nose
a: Curse Item, Scrying, Renounce Religion


You were on level 2 of the Orcish Mines.
You worshipped Ashenzari.
Ashenzari was most pleased with you.
You were not hungry.

You visited 3 branches of the dungeon, and saw 15 of its levels.
You also visited: Ossuary, Ice Cave and Volcano.

You collected 1581 gold pieces.

Inventory:

Hand Weapons
 n - a +0 spear
 r - a cursed +5 spear (weapon)
 J - the +10 short sword "Gram" {drain, rElec Int-3 Dex+4 SInv}
   (You took it off a frost giant in an ice cave)

   A truly terrible weapon, it drains the life of those it strikes.
   It affects your intelligence (-3).
   It affects your dexterity (+4).
   It insulates you from electricity.
   It lets you see invisible.
Missiles
 p - 11 boomerangs (quivered)
Armour
 h - a +2 chain mail of fire resistance (worn)
 y - a +2 cloak (worn)
 F - a cursed +0 buckler (worn)
 P - a +2 pair of gloves (worn)
 T - a cursed +2 helmet of intelligence (worn)
Jewellery
 e - an uncursed ring of protection from cold
 o - a cursed +4 ring of evasion (left hand)
 u - a cursed amulet of regeneration (around neck)
 B - a +2 ring of protection (right hand)
Wands
 v - a wand of digging (1)
 z - a wand of paralysis (18)
 D - a wand of disintegration (4)
 H - a wand of acid (8)
 S - a wand of enslavement (10)
Scrolls
 c - 6 scrolls of teleportation
 f - 2 scrolls of magic mapping
 g - 2 scrolls of fog
 j - 2 scrolls of remove curse
 t - 2 scrolls of noise {unknown}
 w - 8 scrolls of amnesia
 G - 4 scrolls of enchant weapon
 I - 4 scrolls of fear
 O - 2 scrolls of blinking {unknown}
 R - a scroll of holy word {unknown}
Potions
 a - a potion of resistance
 b - 10 potions of curing
 i - 3 potions of magic
 k - 2 potions of heal wounds
 l - 4 potions of mutation
 m - a potion of agility
 s - 3 potions of invisibility
 A - 3 potions of flight
 C - a potion of haste
 E - a potion of might
 K - a potion of ambrosia
 L - a potion of brilliance
 M - a potion of cancellation
 U - a potion of lignification {unknown}
Books
 Q - a manual of Translocations
Comestibles
 d - 26 rations
 q - a chunk of flesh


   Skills:
 + Level 9.6 Fighting
 + Level 8.4 Short Blades
 + Level 8.4 Long Blades
 + Level 8.4 Axes
 + Level 8.4 Maces & Flails
 + Level 9.6(12.3) Polearms
 + Level 8.4 Staves
 + Level 8.4 Slings
 + Level 8.4 Bows
 + Level 8.4 Crossbows
 + Level 8.4 Throwing
 + Level 8.9 Armour
 + Level 9.6 Dodging
 + Level 8.4 Stealth
 + Level 8.4(10.3) Shields
 + Level 8.4 Unarmed Combat
 + Level 9.8 Spellcasting
 + Level 7.0(9.0) Conjurations
 + Level 7.0(9.0) Hexes
 + Level 9.0(10.8) Charms
 + Level 7.0(9.0) Summonings
 + Level 7.0(9.0) Necromancy
 + Level 7.4(9.4) Translocations
 + Level 7.0(9.0) Transmutations
 + Level 7.0(9.0) Fire Magic
 + Level 7.0(9.0) Ice Magic
 + Level 7.0(9.0) Air Magic
 + Level 7.0(9.0) Earth Magic
 + Level 7.0(9.0) Poison Magic
 + Level 9.2 Invocations
 + Level 8.4(10.3) Evocations


You had 17 spell levels left.
You knew the following spells:

 Your Spells              Type           Power        Failure   Level  Hunger
a - Infusion              Chrm           ####         1%          1    None
b - Spectral Weapon       Hex/Chrm       #####...     6%          3    None
c - Regeneration          Chrm/Necr      #####.....   6%          3    None
d - Vampiric Draining     Necr           #####.....   10%         3    None
e - Animate Dead          Necr           N/A          30%         4    ###....

Your spell library contained the following spells:

 Spells                   Type           Power        Failure   Level  Hunger
 Song of Slaying          Chrm           #####...     2%          2    None
 Animate Skeleton         Necr           N/A          3%          1    None
 Pain                     Necr           ####         3%          1    None
 Summon Small Mammal      Summ           ####         3%          1    None
 Shroud of Golubria       Chrm/Tloc      #####.       3%          2    None
 Call Imp                 Summ           #####...     4%          2    None
 Call Canine Familiar     Summ           #####...     10%         3    None
 Summon Guardian Golem    Hex/Summ       #####...     10%         3    None
 Ice Form                 Ice/Tmut       #####...     30%         4    ###....
 Summon Ice Beast         Ice/Summ       #####...     30%         4    ###....
 Summon Lightning Spire   Summ/Air       #####...     30%         4    ###....
 Irradiate                Conj/Tmut      #####.....   65%         5    #####..
 Metabolic Englaciation   Hex/Ice        #####.....   65%         5    #####..
 Bolt of Cold             Conj/Ice       #####.....   99%         6    ######.
 Freezing Cloud           Conj/Ice/Air   #####.....   99%         6    ######.
 Hydra Form               Tmut           #####.....   99%         6    ######.
 Ozocubu's Refrigeration  Ice            #####.....   99%         6    ######.
 Simulacrum               Ice/Necr       #####.....   99%         6    ######.
 Statue Form              Tmut/Erth      #####....    99%         6    ######.
 Dragon Form              Tmut           #####.....   100%        7    #######


Dungeon Overview and Level Annotations

Branches:
Dungeon (12/15)            Temple (1/1) D:5            Lair (0/6) D:8
    Orc (2/2) D:11            Elf (0/3) Orc:2       Ossuary (visited)
  IceCv (visited)         Volcano (visited)

Altars:
Ashenzari
Cheibriados
Dithmenos
Elyvilon
Fedhas
Gozag
Hepliaklqana
Kikubaaqudgha
Makhleb
Nemelex Xobeh
Okawaru
Qazlal
Ru
Sif Muna
Trog
Uskayaw
Vehumet
Wu Jian
Xom
Yredelemnul
Zin
The Shining One

Shops:
D:9 =   D:10 :   D:11 %   Orc:2 *


Innate Abilities, Weirdness & Mutations

Your experience applies equally to all skills.
You have very sharp teeth.
Your uncanny sense of smell can sniff out nearby items.


Message History

The ettin is lightly wounded.
Your spectral weapon hits the ettin but does no damage.
The ettin hits you with a cursed +0 dire flail!!
The ettin misses you. The warg misses you.
You hit the ettin.
The ettin is lightly wounded.
Your spectral weapon hits the ettin.
The orc hits you with a +0 club.
You catch the helpless ettin completely off-guard!
You puncture the ettin!
The ettin is heavily wounded.
Your spectral weapon hits the ettin.
The warg completely misses you. The ettin barely misses you.
The ettin hits you with a +0 dire flail!!
* * * LOW HITPOINT WARNING * * *
You block the warg's attack.
You feel much better. The warg misses you. You block the orc's attack.
You feel yourself speed up. The warg bites you!
* * * LOW HITPOINT WARNING * * *
The ettin hits you with a cursed +0 dire flail!!
You die...

.....§≈≈≈≈...##........#
##.##.......#...#.....##
######.##########....#
############.###......#
..##..................####
.##....................#.##
[.#)....###....#..........#
...[.[..#...<..h[..#.#...##
...)[.#.......(o@.#.##....##
....[..[.......C[....##....#
......[...........#.#####.##
...[.[<.).....#....## ###
...[[[.........##.##
.##.#.[.......##...#
.#.##...........#.##
....#.#..........##
##.####....####.##


You could see an ettin, a warg, an orc and a friendly spectral +5 spear.

Vanquished Creatures
  A frost giant (IceCv)
  A stone giant (Orc:2)
  Harold (D:7)
  A hydra (D:8)
  3 two-headed ogres
  A lindwurm (Orc:2)
  An orc knight (Orc:2)
  An ugly thing (D:11)
  An orc sorcerer (Orc:2)
  A salamander (Volcano)
  A cyclops (Orc:1)
  Psyche (D:8)
  A gargoyle (D:12)
  An ice statue (IceCv)
  2 centaur skeletons
  5 trolls
  2 ice devils (D:12)
  A hornet (D:11)
  Prince Ribbit (D:7)
  21 polar bears
  2 slime creatures
  2 dream sheep (D:8)
  4 hippogriffs
  A centaur simulacrum (D:12)
  A wyvern (D:8)
  A water elemental (D:12)
  30 yaks
  2 fire bats (Volcano)
  4 wargs
  A soldier ant (D:10)
  15 orc warriors
  Duvessa (D:7)
  A hell hound (Volcano)
  2 black bears (D:11)
  A sky beast (D:9)
  A hornet zombie (D:12)
  4 ice beasts
  A phantom (D:5)
  A necrophage (D:11)
  4 ogres
  19 wolves
  A crocodile (D:10)
  19 centaurs
  7 big kobolds
  A wyvern zombie (D:10)
  4 water moccasin zombies (Ossuary)
  5 bullfrogs
  Dowan (D:7)
  2 scorpions
  23 killer bees
  4 howler monkeys
  21 wights
  8 crimson imps
  2 centaur zombies
  A wyvern simulacrum (D:12)
  5 hounds
  2 jellies
  19 orc priests
  23 orc wizards
  2 bullfrog skeletons
  4 iguanas
  6 worker ants
  3 big kobold zombies (Ossuary)
  A bullfrog simulacrum (D:12)
  A hound skeleton (D:11)
  A hound zombie (D:5)
  2 mummies (Ossuary)
  A worker ant zombie (D:6)
  7 adders
  A shadow imp (D:8)
  3 oozes
  An ufetubus (D:12)
  4 adder zombies (Ossuary)
  An adder skeleton (D:4)
  3 worms (D:2)
  3 dart slugs
  3 leopard geckos
  63 orcs
  10 giant cockroaches
  11 goblins
  7 hobgoblins
  13 jackals
  7 quokkas
  2 ball pythons
  8 bats
  8 frilled lizards
  2 gnoll zombies (Ossuary)
  5 hobgoblin zombies (Ossuary)
  A jackal skeleton (D:5)
  A jackal zombie (D:5)
  29 kobolds
  6 kobold zombies (Ossuary)
  A leopard gecko skeleton (D:4)
  6 orc zombies (Ossuary)
  A quokka zombie (D:6)
  11 rats
533 creatures vanquished.

Vanquished Creatures (others)
  An orc (Orc:2)
  21 spectral weapons
22 creatures vanquished.

Grand Total: 555 creatures vanquished

Notes
Turn   | Place    | Note
-------+----------+-------------------------------------------
     0 | D:1      | pichaelthompson the Gnoll Skald began the quest for the
                  | Orb.
     0 | D:1      | Reached XP level 1. HP: 20/20 MP: 6/6
   109 | D:1      | Reached XP level 2. HP: 19/26 MP: 7/7
   849 | D:2      | Reached XP level 3. HP: 31/31 MP: 9/9
   859 | D:2      | Reached skill level 5 in Spellcasting
  1078 | D:2      | Reached skill level 1 in Invocations
  1206 | D:3      | Learned a level 3 spell: Spectral Weapon
  1210 | D:3      | Learned a level 3 spell: Regeneration
  1227 | D:3      | Reached skill level 1 in Short Blades
  1227 | D:3      | Reached skill level 1 in Long Blades
  1227 | D:3      | Reached skill level 1 in Axes
  1227 | D:3      | Reached skill level 1 in Maces & Flails
  1227 | D:3      | Reached skill level 1 in Staves
  1227 | D:3      | Reached skill level 1 in Slings
  1227 | D:3      | Reached skill level 1 in Bows
  1227 | D:3      | Reached skill level 1 in Crossbows
  1227 | D:3      | Reached skill level 1 in Throwing
  1227 | D:3      | Reached skill level 1 in Stealth
  1227 | D:3      | Reached skill level 1 in Shields
  1227 | D:3      | Reached skill level 1 in Unarmed Combat
  1227 | D:3      | Reached skill level 1 in Evocations
  1392 | D:3      | Reached XP level 4. HP: 38/38 MP: 11/11
  1458 | D:3      | Reached skill level 1 in Conjurations
  1458 | D:3      | Reached skill level 1 in Hexes
  1458 | D:3      | Reached skill level 1 in Summonings
  1458 | D:3      | Reached skill level 1 in Necromancy
  1458 | D:3      | Reached skill level 1 in Translocations
  1458 | D:3      | Reached skill level 1 in Transmutations
  1458 | D:3      | Reached skill level 1 in Fire Magic
  1458 | D:3      | Reached skill level 1 in Ice Magic
  1458 | D:3      | Reached skill level 1 in Air Magic
  1458 | D:3      | Reached skill level 1 in Earth Magic
  1458 | D:3      | Reached skill level 1 in Poison Magic
  1891 | D:3      | Reached XP level 5. HP: 40/43 MP: 6/12
  2259 | D:3      | Learned a level 3 spell: Vampiric Draining
  3052 | D:4      | Noticed an ogre
  3482 | D:4      | Reached XP level 6. HP: 45/50 MP: 10/13
  3741 | D:2      | Reached skill level 5 in Fighting
  3741 | D:2      | Reached skill level 5 in Polearms
  3741 | D:2      | Reached skill level 5 in Dodging
  4441 | D:3      | Reached XP level 7. HP: 48/56 MP: 11/15
  4667 | D:4      | Upgraded the game from 0.24-a0-578-gf1077d3 to
                  | 0.24-a0-580-g6a6c3f8
  4868 | D:5      | Entered Level 5 of the Dungeon
  5676 | D:5      | Found a staircase to the Ecumenical Temple.
  5708 | Temple   | Entered the Ecumenical Temple
  5760 | Temple   | Became a worshipper of Ashenzari the Shackled
  6016 | D:5      | Reached XP level 8. HP: 56/63 MP: 16/16
  7062 | D:7      | Noticed Prince Ribbit
  7086 | D:7      | Killed Prince Ribbit
  7100 | D:7      | Noticed Harold
  7102 | D:7      | Found a sand-covered staircase.
  7110 | D:7      | Killed Harold
  7110 | D:7      | Reached skill level 5 in Armour
  7110 | D:7      | Reached XP level 9. HP: 15/69 MP: 13/18
  7150 | D:7      | Reached * piety under Ashenzari
  7194 | Ossuary  | Entered an ossuary
  7831 | D:7      | Noticed Duvessa
  7832 | D:7      | Noticed Dowan
  7844 | D:7      | Killed Duvessa
  7844 | D:7      | Reached skill level 5 in Invocations
  7855 | D:7      | Killed Dowan
  7932 | D:7      | Reached XP level 10. HP: 69/77 MP: 17/20
  8301 | D:8      | Noticed a two-headed ogre
  8698 | D:8      | Reached skill level 5 in Short Blades
  8698 | D:8      | Reached skill level 5 in Long Blades
  8698 | D:8      | Reached skill level 5 in Axes
  8698 | D:8      | Reached skill level 5 in Maces & Flails
  8698 | D:8      | Reached skill level 5 in Staves
  8698 | D:8      | Reached skill level 5 in Slings
  8698 | D:8      | Reached skill level 5 in Bows
  8698 | D:8      | Reached skill level 5 in Crossbows
  8698 | D:8      | Reached skill level 5 in Throwing
  8698 | D:8      | Reached skill level 5 in Stealth
  8698 | D:8      | Reached skill level 5 in Shields
  8698 | D:8      | Reached skill level 5 in Unarmed Combat
  8698 | D:8      | Reached skill level 5 in Evocations
  8791 | D:8      | Found a staircase to the Lair.
  8808 | D:8      | Killed a two-headed ogre
  8916 | D:8      | Noticed Psyche
  8930 | D:8      | Killed Psyche
  8959 | D:8      | Found a hazy altar of Hepliaklqana.
  9383 | D:8      | Noticed a three-headed hydra
  9390 | D:8      | Killed a three-headed hydra
  9390 | D:8      | Reached XP level 11. HP: 61/84 MP: 19/22
  9504 | D:9      | Found Boss's Jewellery Boutique.
  9724 | D:9      | Reached ** piety under Ashenzari
  9915 | D:9      | Reached skill level 5 in Conjurations
  9915 | D:9      | Reached skill level 5 in Hexes
  9915 | D:9      | Reached skill level 5 in Summonings
  9915 | D:9      | Reached skill level 5 in Necromancy
  9915 | D:9      | Reached skill level 5 in Translocations
  9915 | D:9      | Reached skill level 5 in Transmutations
  9915 | D:9      | Reached skill level 5 in Fire Magic
  9915 | D:9      | Reached skill level 5 in Ice Magic
  9915 | D:9      | Reached skill level 5 in Air Magic
  9915 | D:9      | Reached skill level 5 in Earth Magic
  9915 | D:9      | Reached skill level 5 in Poison Magic
 10107 | D:9      | Learned a level 4 spell: Animate Dead
 10320 | D:10     | Entered Level 10 of the Dungeon
 10412 | D:10     | HP: 4/86 [yak (10)]
 10932 | D:10     | Found Migibraw's Book Emporium.
 11290 | D:11     | Found Mur Yreon's Food Shop.
 11414 | D:11     | Paralysed by a hornet for 3 turns
 11758 | D:11     | Identified the +3 dagger of Jucsoreva {protect, *Corrode
                  | rF++ rC+}
 11955 | D:11     | Reached XP level 12. HP: 91/93 MP: 24/24
 11956 | D:11     | Found a staircase to the Orcish Mines.
 12516 | D:11     | Found a shadowy altar of Dithmenos.
 12780 | D:12     | Reached *** piety under Ashenzari
 12816 | D:12     | Found a frozen archway.
 12833 | IceCv    | Entered an ice cave
 14581 | IceCv    | Reached XP level 13. HP: 88/101 MP: 23/26
 14814 | IceCv    | Identified the +10 short sword "Gram" {drain, rElec Int-3
                  | Dex+4 SInv}
 14814 | IceCv    | Noticed a frost giant
 14857 | IceCv    | Killed a frost giant
 16522 | Orc:1    | Entered Level 1 of the Orcish Mines
 16706 | Orc:2    | Entered Level 2 of the Orcish Mines
 16810 | Orc:2    | Found a staircase to the Elven Halls.
 16823 | Orc:2    | Found a dark tunnel.
 16926 | Volcano  | Entered a volcano
 16977 | Volcano  | HP: 4/101 [hell hog/fireball (38)]
 16977 | Volcano  | HP: 1/101 [hell hog (3)]
 17329 | Orc:2    | Found Ydwiy's Assorted Antiques.
 17343 | Orc:2    | Noticed a stone giant
 17518 | Orc:2    | Killed a stone giant
 18843 | Orc:1    | Noticed an ettin
 18897 | Orc:2    | Slain by an ettin

Levels and vault maps discovered:
D:1:      dpeg_arrival_rooms_b, layout_rooms
D:2:      layout_rooms
D:3:      minmay_bubble_buster, layout_loops_ring
D:4:      layout_basic
D:5:      layout_basic, minmay_temple_entry_glass, first_ration,
          minmay_misc_feat_more_columns
D:6:      layout_loops_cross, grunt_ministairs_8
D:7:      layout_rooms, enter_ossuary_1, uniq_duvessa, uniq_prince_ribbit1,
          uniq_harold
D:8:      layout_loops_ring, old_standard_altar, lair_entry_dummy,
          hangedman_ranch [blue_anna_fruit_fields], uniq_psyche
D:9:      layout_roguey, serial_shops, shop
D:10:     layout_irregular_city, serial_shops, kennysheep_little_box,
          kennysheep_generic_room_14
D:11:     layout_stronghold, erik_orc_4, serial_shops, shop,
          nicolae_dithmenos_the_darkroom
D:12:     layout_roguey, serial_ice, serial_ice_b, serial_ice_j, serial_ice_h,
          serial_ice_c, serial_ice_g, serial_ice_o,
          portal_ice_cave_demonic_guard
Temple:   kilobyte_greek_temple
Orc:1:    layout_diamond_mine
Orc:2:    st_orc_rangers, layout_diamond_mine, nicolae_volcano_entry_vermiform,
          serial_shops, shop

Skill      XL: |  1  2  3  4  5  6  7  8  9 10 11 12 13 |
---------------+----------------------------------------+-----
Spellcasting   | 5 6 7 8 9 |  9.8
Invocations    | 1 2 3 4 5 6 7 8 9 |  9.2
Short Blades   | 1 2 4 5 6 7 8 |  8.4
Long Blades    | 1 2 4 5 6 7 8 |  8.4
Axes           | 1 2 4 5 6 7 8 |  8.4
Maces & Flails | 1 2 4 5 6 7 8 |  8.4
Staves         | 1 2 4 5 6 7 8 |  8.4
Slings         | 1 2 4 5 6 7 8 |  8.4
Bows           | 1 2 4 5 6 7 8 |  8.4
Crossbows      | 1 2 4 5 6 7 8 |  8.4
Throwing       | 1 2 4 5 6 7 8 |  8.4
Stealth        | 1 2 4 5 6 7 8 |  8.4
Shields        | 1 2 4 5 6 7 8 |  8.4
Unarmed Combat | 1 2 4 5 6 7 8 |  8.4
Evocations     | 1 2 4 5 6 7 8 |  8.4
Conjurations   | 1 2 3 4 5 6 7 |  7.0
Hexes          | 1 2 3 4 5 6 7 |  7.0
Summonings     | 1 2 3 4 5 6 7 |  7.0
Necromancy     | 1 2 3 4 5 6 7 |  7.0
Translocations | 1 2 3 4 5 6 7 |  7.4
Transmutations | 1 2 3 4 5 6 7 |  7.0
Fire Magic     | 1 2 3 4 5 6 7 |  7.0
Ice Magic      | 1 2 3 4 5 6 7 |  7.0
Air Magic      | 1 2 3 4 5 6 7 |  7.0
Earth Magic    | 1 2 3 4 5 6 7 |  7.0
Poison Magic   | 1 2 3 4 5 6 7 |  7.0
Armour         | 3 5 6 7 8 |  8.9
Fighting       | 5 6 7 8 9 |  9.6
Polearms       | 5 6 7 8 9 |  9.6
Dodging        | 5 6 7 8 9 |  9.6
Charms         | 6 7 8 9 |  9.0

Action                   |  1- 3 |  4- 6 |  7- 9 | 10-12 | 13-15 || total
-------------------------+-------+-------+-------+-------+-------++-------
Melee: Spear             |   175 |   352 |     9 |  1139 |   627 ||  2302
       Bite              |    18 |    35 |    51 |   174 |    80 ||   358
       Punch             |     1 |       |       |       |       ||     1
       Dagger            |       |       |   412 |    34 |       ||   446
Throw: Boomerang         |       |     7 |    15 |   101 |    53 ||   176
 Cast: Spectral Weapon   |       |    14 |    16 |    64 |    33 ||   127
       Regeneration      |       |       |     2 |    11 |     9 ||    22
Invok: Curse Item        |       |       |     3 |     2 |       ||     5
Evoke: Wand              |       |       |     4 |     5 |     5 ||    14
  Use: Scroll            |       |       |    11 |    14 |     2 ||    27
       Potion            |       |       |       |       |     3 ||     3
 Stab: Distracted        |       |     2 |     4 |    25 |    14 ||    45
       Sleeping          |       |       |     1 |     1 |     3 ||     5
  Eat: Chunk             |     2 |     7 |     7 |    22 |     7 ||    45
       Ration            |       |     1 |     2 |     1 |     2 ||     6
Armor: Leather armour    |    18 |       |       |       |       ||    18
       Ring mail         |    16 |    61 |     4 |       |       ||    81
       Scale mail        |       |       |    82 |   199 |    77 ||   358
       Chain mail        |       |       |       |       |    19 ||    19
Dodge: Dodged            |   117 |   273 |   256 |   596 |   248 ||  1490
Block: Buckler           |       |       |    44 |   262 |   136 ||   442

Table legend:
 A = Non-vault XP
 B = Vault XP
 C = Vault XP percentage of total XP
 D = Non-vault monster count
 E = Vault monster count
 F = Vault count percentage of total count
                 A         B        C        D         E       F
            +---------+---------+-------+---------+---------+-------
      Total |   25772 |   23223 |  47.4 |     380 |     150 |  28.3
            +---------+---------+-------+---------+---------+-------
        D:1 |      25 |       0 |   0.0 |      17 |       0 |   0.0
        D:2 |      64 |       0 |   0.0 |      29 |       0 |   0.0
        D:3 |     273 |      84 |  23.5 |      29 |      16 |  35.6
        D:4 |     354 |       0 |   0.0 |      20 |       0 |   0.0
        D:5 |     451 |       0 |   0.0 |       8 |       0 |   0.0
        D:6 |     445 |       0 |   0.0 |      15 |       0 |   0.0
        D:7 |    1251 |    1521 |  54.9 |      19 |       4 |  17.4
        D:8 |    2252 |    2581 |  53.4 |      26 |       9 |  25.7
        D:9 |    2595 |       0 |   0.0 |      39 |       0 |   0.0
       D:10 |    2706 |     101 |   3.6 |      21 |       2 |   8.7
       D:11 |    6274 |     581 |   8.5 |      70 |      17 |  19.5
       D:12 |    3679 |    1817 |  33.1 |      29 |      10 |  25.6
      Orc:1 |    1733 |       0 |   0.0 |      28 |       0 |   0.0
      Orc:2 |    3670 |     658 |  15.2 |      30 |       1 |   3.2
    Ossuary |       0 |     468 | 100.0 |       0 |      29 | 100.0
      IceCv |       0 |   13451 | 100.0 |       0 |      57 | 100.0
    Volcano |       0 |    1961 | 100.0 |       0 |       5 | 100.0
            +---------+---------+-------+---------+---------+-------
